 Dungeon Crawl Stone Soup version 0.27.1-1-g398f81649c (webtiles) character file.

Game seed: 17319938258434348132

52 MajorAdolf the Sneak (level 3, 0/48 HPs)
             Began as a Naga Wanderer on Sept 9, 2021.
             Slain by a gnoll (1 damage)
             ... on level 1 of the Dungeon.
             The game lasted 00:05:12 (2525 turns).

MajorAdolf the Sneak (Naga Wanderer)                Turns: 2525, Time: 00:05:12

Health: 0/48       AC: 21    Str: 13    XL:     3   Next: 85%
Magic:  4/4        EV:  1    Int: 13    God:
Gold:   12         SH:  0    Dex: 11    Spells: 3/4 levels left

rFire    . . .     SeeInvis +   a - +2 dagger
rCold    . . .     Faith    .   (no shield)
rNeg     + + +     Spirit   .   (armour currently unavailable)
rPois    +         Reflect  .   (helmet currently unavailable)
rElec    .         Harm     .   (cloak currently unavailable)
rCorr    .         Rampage  .   (gloves currently unavailable)
Will     .....     NoTele   +   (no barding)
Stlth    +++.......             (no amulet)
HPRegen  0.16/turn              (no ring)
MPRegen  0.09/turn              (no ring)

@: short of breath, tree-form
A: stationary, stasis, torment immunity, boosted hp, AC +1, large, see
invisible, (deformed body), (poison resistance), (slowness 2), spit poison 1,
(naga tail 1)
a: Spit Poison


You were on level 1 of the Dungeon.
You were a tree.
You visited 1 branch of the dungeon, and saw 2 of its levels.

You collected 12 gold pieces.

Inventory:

Hand Weapons
 a - a +2 dagger (weapon)
Armour
 d - a +0 robe (melded)
Scrolls
 b - a scroll of fear
 e - a scroll of enchant weapon {unknown}
 f - a scroll of immolation {unknown}
 g - a scroll of magic mapping {unknown}
 i - a scroll of identify {unknown}
 k - a scroll of teleportation {unknown}
Potions
 h - a potion of mutation {unknown}
 j - a potion of magic {unknown}
 l - a potion of curing {unknown}


   Skills:
 + Level 2.0 Fighting
 - Level 1.0 Polearms
 - Level 1.0 Throwing
 + Level 4.8 Stealth
 - Level 1.0 Spellcasting
 + Level 1.3 Summonings
 - Level 3.0 Transmutations
 - Level 1.3 Poison Magic


You had 3 spell levels left.
You knew the following spells:

 Your Spells              Type           Power      Damage    Failure   Level
a - Summon Small Mammal   Summ           16%        N/A       16%         1

Your spell library contained the following spells:

 Spells                   Type           Power      Damage    Failure   Level
 Summon Guardian Golem    Hex/Summ       2%         N/A       54%         3
 Gell's Gravitas          Tloc           0%         N/A       63%         3
 Teleport Other           Tloc           0%         N/A       63%         3
 Dispersal                Tloc           0%         N/A       100%        6


Dungeon Overview and Level Annotations

Branches:
Dungeon (2/15)

Altars:

Shops:
D:1 [


Innate Abilities, Weirdness & Mutations

You are a tree.
Your roots penetrate the ground, keeping you stationary.
You cannot be teleported.
You are immune to unholy pain and torment.
Your maximum health is greatly increased.
Your equipment is partially melded.
((Your serpentine skin is tough. (AC +1)))
You have supernaturally acute eyesight. (SInv)
((Armour fits poorly on your strangely shaped body.))
((Your system is resistant to poisons. (rPois)))
((You cover ground very slowly.))
You can spit poison.
((You have a snake-like lower body.))


Message History

A gnoll is nearby!
Found a faded altar of an unknown god.
Press: ? - help, Shift-Dir - straight line, f - gnoll
Aim: a gnoll, wielding a +0 spear (ally target)
The splash of poison hits the gnoll.
The gnoll is moderately wounded.
Unknown command.
The gnoll hits your rat with a +0 spear.
Your rat barely misses the gnoll.
Something misses your rat.
The gnoll hits your rat with a +0 spear.
Your rat dies!
Your rat's corpse disappears in a puff of smoke!
A gnoll comes into view. It is wielding a +0 club.
The gnoll shouts!
You have got your breath back.
The gnoll barely misses you. The gnoll completely misses you.
The gnoll hits you with a +0 club!
The gnoll hits you from afar with a +0 spear!
The gnoll hits you with a +0 club. The gnoll closely misses you.
There is a stone staircase leading up here.
The gnoll hits you from afar with a +0 spear.
You climb upwards.
There is a stone staircase leading down here.
Unknown command.
Press: ? - help, Shift-Dir - straight line, f - gnoll
Aim: a gnoll, wielding a +0 club The splash of poison hits the gnoll!
The gnoll is severely wounded.
The gnoll hits you with a +0 club!
* * * LOW HITPOINT WARNING * * *
Unknown command.
Really quaff the potion of lignification?
You turn into a tree.
Your +0 robe melds into your body.
Your roots penetrate the ground.
The gnoll hits you with a +0 club.
* * * LOW HITPOINT WARNING * * *
Unknown command.
You hit the gnoll.
The gnoll is almost dead.
The gnoll hits you with a +0 club.
You die...

#....########....# #.#
####...........'....# #####.#
............####....# #......
#.#####.###.# ##.### #......
..........#.# #.##### #......
#.###.#.#)#.## #.....# ##......
#.#..........####.....# #.......
#.#...#...#....g#.....####.#.##.#
#.#............)♣.....'.)........
#.#.####..#...........####.#.####
#.#.# #..#...........# #.......
#.#.####..#..#...#########...####
#.#.†............................
#.#########..##.####....##...####
#.......................##.......
##..........########....###..####
.....................##.# #......


You could see a gnoll.

Vanquished Creatures
  A gnoll (D:2)
  A worm (D:2)
  2 dart slugs (D:1)
  2 endoplasms (D:1)
  A giant cockroach (D:2)
  2 goblins (D:1)
  2 hobgoblins
  4 jackals (D:1)
  3 kobolds
  3 quokkas
  6 ball pythons
  2 bats (D:1)
  A frilled lizard (D:1)
  A rat (D:1)
31 creatures vanquished.

Vanquished Creatures (collateral kills)
  A goblin (D:1)
1 creature vanquished.

Vanquished Creatures (others)
  2 fungi (D:2)
2 creatures vanquished.

Grand Total: 34 creatures vanquished

Notes
Turn   | Place    | Note
-------+----------+-------------------------------------------
     0 | D:1      | MajorAdolf the Naga Wanderer began the quest for the Orb.
     0 | D:1      | MajorAdolf set off with the following items: a +2 dagger, a
                  | scroll of fear, a potion of lignification, a +0 robe; and
                  | the following spell memorised: Summon Small Mammal; and the
                  | following spells available to memorise: Summon Guardian
                  | Golem
     0 | D:1      | Reached XP level 1. HP: 18/18 MP: 2/2
   319 | D:1      | Reached skill level 4 in Stealth
   319 | D:1      | Reached XP level 2. HP: 22/25 MP: 1/3
  1547 | D:1      | Reached XP level 3. HP: 31/31 MP: 4/4
  1635 | D:1      | Found Padug's Antique Armour Emporium.
  1983 | D:2      | Reached skill level 1 in Summonings
  2506 | D:2      | Found a faded altar of an unknown god.
  2524 | D:1      | HP: 1/48 [gnoll (2)]
  2525 | D:1      | Slain by a gnoll

Illustrated notes

Levels and vault maps discovered:
D:1:      lightli_arrival_lavapool, layout_basic, serial_shops, shop,
          corexii_corridor_pit
D:2:      layout_rooms, dreamdust_ecumenical_altar_grove

Skill      XL: |  1  2  3 |
---------------+----------+-----
Stealth        | 4 |  4.8
Summonings     | 1 |  1.3
Fighting       | 2 |  2.0
Polearms       | |  1.0
Throwing       | |  1.0
Spellcasting   | |  1.0
Transmutations | |  3.0
Poison Magic   | |  1.3

Action                   || total
-------------------------++-------
Melee: Dagger            ||    73
 Cast: Summon Small Mamm ||     5
 Abil: Spit Poison       ||    31
  Use: Potion            ||     1
 Stab: Sleeping          ||     1
Armor: Robe              ||    14
Dodge: Dodged            ||    52
